 Dungeon Crawl Stone Soup version 0.27.1-34-g3ba077fa99 (webtiles) character file.

Game seed: 15612411639751438735

3688 boopmooplesden the Basher (level 9, -6/80 HPs)
             Began as a Minotaur Fighter on Jan 11, 2022.
             Was a Priest of Okawaru.
             Mangled by a red ugly thing (22 damage)
             ... on level 8 of the Dungeon.
             The game lasted 00:08:37 (7811 turns).

boopmooplesden the Basher (Minotaur Fighter)        Turns: 7811, Time: 00:08:38

Health: -6/80      AC: 23    Str: 25    XL:     9   Next: 90%
Magic:  7/8        EV:  6    Int: 11    God:    Okawaru [***...]
Gold:   324        SH: 12    Dex: 11    Spells: 8/8 levels left

rFire    . . .     SeeInvis .   o - +2 mace (protect)
rCold    . . .     Faith    .   c - +0 kite shield
rNeg     . . .     Spirit   .   v - +0 plate armour
rPois    .         Reflect  .   (helmet restricted)
rElec    .         Harm     .   (no cloak)
rCorr    .         Rampage  .   i - +0 pair of gloves
Will     .....                  x - +0 pair of boots
Stlth    ..........             (no amulet)
HPRegen  0.23/turn              p - +6 ring of intelligence
MPRegen  0.11/turn              (no ring)

@: under a protective aura
A: horns 2, retaliatory headbutt, deterioration 1, mutation resistance 1, strong
1
a: Renounce Religion, Heroism


You were on level 8 of the Dungeon.
You worshipped Okawaru.
Okawaru was most pleased with you.
You visited 2 branches of the dungeon, and saw 9 of its levels.

You collected 324 gold pieces.

Inventory:

Hand Weapons
 a - a +1 flail
 o - a +2 mace of protection (weapon)
 r - a +0 whip of chaos
 A - a +0 whip of holy wrath
Missiles
 j - 9 atropa-tipped darts (quivered)
Armour
 b - a +0 scale mail
 c - a +0 kite shield (worn)
 i - a +0 pair of gloves (worn)
 v - a +0 plate armour (worn)
 x - a +0 pair of boots (worn)
Jewellery
 k - an amulet of guardian spirit
 p - a +6 ring of intelligence (left hand)
 D - an amulet of faith
Wands
 l - a wand of paralysis (5)
 m - a wand of digging (4)
 s - a wand of iceblast (7)
Scrolls
 h - 3 scrolls of identify
 y - a scroll of blinking
 B - a scroll of magic mapping
Potions
 d - 2 potions of might
 e - 3 potions of attraction
 f - a potion of invisibility
 g - 3 potions of heal wounds
 n - 2 potions of haste {unknown}
 q - 2 potions of curing {unknown}
 t - a potion of ambrosia {unknown}
 w - a potion of flight {unknown}
 z - 3 potions of lignification {unknown}


   Skills:
 + Level 7.7 Fighting
 + Level 10.9 Maces & Flails
 + Level 0.1 Throwing
 + Level 7.7 Armour
 + Level 2.4 Dodging
 + Level 1.3 Stealth
 + Level 8.9 Shields
 + Level 0.3 Invocations


You had 8 spell levels left.
You didn't know any spells.
Your spell library contained the following spells:

 Spells                   Type           Power      Damage    Failure   Level
 Magic Dart               Conj           0%         1d3       100%        1
 Summon Small Mammal      Summ           0%         N/A       100%        1
 Searing Ray              Conj           0%         3d3       100%        2
 Conjure Flame            Conj/Fire      0%         6-21      100%        3
 Ignite Poison            Fire/Tmut/Pois 0%         N/A       100%        3
 Fulminant Prism          Conj/Hex       0%         3d6       100%        4
 Sticky Flame             Conj/Fire      0%         2d3       100%        4
 Summon Ice Beast         Ice/Summ       0%         N/A       100%        4
 Simulacrum               Ice/Necr       0%         N/A       100%        6
 Polar Vortex             Ice            0%         N/A       100%        9


Dungeon Overview and Level Annotations

Branches:
Dungeon (8/15)             Temple (1/1) D:4
   Lair: D:8-11

Altars:
Fedhas
Okawaru
Sif Muna
Xom
Yredelemnul


Innate Abilities, Weirdness & Mutations

You have a pair of horns on your head.
You reflexively headbutt those who attack you in melee.
Your body sometimes deteriorates upon taking damage.
You are somewhat resistant to further mutation.
Your muscles are strong. (Str +2)


Message History

The skeletal warrior is moderately damaged.
The skeletal warrior barely misses you.
You barely miss the skeletal warrior.
The skeletal warrior is moderately damaged.
You hit the skeletal warrior but do no damage.
You headbutt the skeletal warrior, but do no damage.
The skeletal warrior is moderately damaged.
The skeletal warrior barely misses you.
You thump the skeletal warrior!
Your headbutt misses the skeletal warrior.
The skeletal warrior is heavily damaged.
The skeletal warrior hits you with a +0 dire flail!
You sock the skeletal warrior! You headbutt the skeletal warrior!
You destroy the skeletal warrior!
Okawaru accepts your kill.
You feel like a meek peon again.
You hit the red ugly thing.
The red ugly thing is lightly wounded.
The red ugly thing stings you but does no damage.
You hit the red ugly thing but do no damage.
You headbutt the red ugly thing!
The red ugly thing is moderately wounded.
You block the red ugly thing's attack.
You hit the red ugly thing.
The red ugly thing is moderately wounded.
You block the red ugly thing's attack.
You sock the red ugly thing!
The red ugly thing is heavily wounded.
You block the red ugly thing's attack.
You hit the red ugly thing.
Your headbutt misses the red ugly thing.
The red ugly thing is heavily wounded.
The red ugly thing stings you.
You are engulfed in flames!!
* * * LOW HITPOINT WARNING * * *
You hit the red ugly thing but do no damage.
The red ugly thing is heavily wounded.
The red ugly thing stings you.
* * * LOW HITPOINT WARNING * * *
You are engulfed in flames!!
You die...

#########.#.#
#...........#
#.#..(....###
#.#.#######
#.#.#######
##.#........
#...)#######
###....#####
#.......u@.#
#.#....###.#
# #.##.## .#
#. #..# .# ##
##.# ## #...#
#...# #...#
.###.


You could see a red ugly thing.

Vanquished Creatures
  A skeletal warrior (D:8)
  Prince Ribbit (D:7)
  3 yaks (D:8)
  Sigmund (D:5)
  An acid dragon (D:7)
  Edmund (D:5)
  An orc warrior (D:7)
  2 black bears
  2 ogres
  A sky beast (D:5)
  2 necrophages (D:8)
  2 phantoms
  A kobold brigand (D:6)
  2 bullfrogs (D:6)
  A scorpion (D:5)
  A water moccasin skeleton (D:5)
  A howler monkey (D:4)
  A centaur zombie (D:8)
  3 hounds
  A bullfrog zombie (D:7)
  2 jellies
  3 orc priests
  3 centaur skeletons
  A bullfrog skeleton (D:4)
  2 gnoll shamans (D:7)
  A scorpion zombie (D:5)
  5 orc wizards
  A killer bee zombie (D:6)
  2 howler monkey zombies
  12 gnolls
  8 adders
  An adder skeleton (D:5)
  2 worms (D:2)
  A dart slug (D:3)
  17 orcs
  5 ball pythons
  7 endoplasms
  3 giant cockroaches
  4 goblins
  8 hobgoblins
  11 kobolds
  4 quokkas
  6 bats
  4 frilled lizards
  6 rats
148 creatures vanquished.

Vanquished Creatures (others)
  A plant (D:4)
1 creature vanquished.

Grand Total: 149 creatures vanquished

Notes
Turn   | Place    | Note
-------+----------+-------------------------------------------
     0 | D:1      | boopmooplesden the Minotaur Fighter began the quest for the
                  | Orb.
     0 | D:1      | Reached XP level 1. HP: 19/19 MP: 0/0
    46 | D:1      | Found a faded altar of an unknown god.
   326 | D:1      | Reached XP level 2. HP: 27/27 MP: 1/1
   918 | D:1      | Gained mutation: Your body sometimes deteriorates upon
                  | taking damage. [potion of mutation]
   918 | D:1      | Gained mutation: You sometimes lose the ability to read
                  | scrolls when taking damage. [potion of mutation]
   918 | D:1      | Gained mutation: You are somewhat resistant to further
                  | mutation. [potion of mutation]
  1794 | D:2      | Reached XP level 3. HP: 33/33 MP: 2/2
  1916 | D:2      | Lost mutation: You sometimes lose the ability to read
                  | scrolls when taking damage. [potion of mutation]
  1916 | D:2      | Gained mutation: Your muscles are strong. (Str +2) [potion
                  | of mutation]
  1949 | D:2      | Reached skill level 3 in Maces & Flails
  2545 | D:3      | Reached XP level 4. HP: 37/41 MP: 3/3
  2685 | D:3      | Found a large runed translucent door.
  2685 | D:3      | Found a large runed translucent door.
  2686 | D:3      | Found a shimmering altar of Xom.
  3290 | D:4      | Reached skill level 4 in Maces & Flails
  3437 | D:4      | Reached XP level 5. HP: 47/47 MP: 4/4
  3477 | D:4      | Noticed an ogre
  3490 | D:4      | Killed an ogre
  3491 | D:4      | Reached skill level 5 in Maces & Flails
  3491 | D:4      | Reached skill level 5 in Armour
  3491 | D:4      | Reached skill level 1 in Dodging
  3491 | D:4      | Reached XP level 6. HP: 18/53 MP: 5/5
  4172 | D:4      | Found a staircase to the Ecumenical Temple.
  4299 | D:5      | Entered Level 5 of the Dungeon
  4299 | D:5      | Noticed Sigmund
  4330 | Temple   | Entered the Ecumenical Temple
  4375 | Temple   | Became a worshipper of Warmaster Okawaru
  4449 | D:5      | Reached skill level 6 in Maces & Flails
  4451 | D:5      | Reached skill level 5 in Shields
  4458 | D:5      | Killed Sigmund
  4459 | D:5      | Reached skill level 5 in Fighting
  4459 | D:5      | Reached XP level 7. HP: 39/61 MP: 6/6
  4591 | D:5      | Noticed Edmund
  4601 | D:5      | Killed Edmund
  4696 | D:5      | Reached skill level 1 in Stealth
  4743 | D:5      | Reached * piety under Okawaru
  4744 | D:5      | Reached skill level 7 in Maces & Flails
  4771 | D:5      | Reached XP level 8. HP: 31/70 MP: 7/7
  5809 | D:6      | Got the Incunabulum of the Frostbite and Creation
  5817 | D:6      | Reached skill level 8 in Maces & Flails
  5859 | D:6      | Reached ** piety under Okawaru
  6456 | D:7      | Reached skill level 9 in Maces & Flails
  6506 | D:7      | Reached XP level 9. HP: 55/78 MP: 6/8
  6810 | D:7      | Noticed Prince Ribbit
  6829 | D:7      | Killed Prince Ribbit
  7243 | D:7      | Reached *** piety under Okawaru
  7583 | D:8      | Reached skill level 10 in Maces & Flails
  7783 | D:8      | Noticed a skeletal warrior
  7784 | D:8      | Noticed a red ugly thing
  7805 | D:8      | Killed a skeletal warrior
  7811 | D:8      | Mangled by a red ugly thing

Illustrated notes

Levels and vault maps discovered:
D:1:      scummos_arrival_simple_crosswalls, layout_rooms,
          ebering_ecumenical_altar_mist, grunt_decor_fettered,
          wander_ebering_terrifying_dragon_lair
D:2:      layout_basic, minmay_three_crescents
D:3:      due_chaos_kobolds, layout_basic, st_stairs_2
D:4:      minmay_general_purpose_star, layout_gridville, temple_statues,
          serial_glass, glass_columns_c, glass_columns_c,
          guppyfry_early_lair_pool
D:5:      layout_basic, minivault_5, minivault_4, uniq_sigmund, uniq_edmund
D:6:      layout_cave_pools, st_stairs_4
D:7:      layout_gridville, uniq_prince_ribbit1
D:8:      minmay_blocky_corners, layout_loops_ring, minmay_crystal_room,
          uniq_erica
Temple:   dpeg_five_rooms_temple

Skill      XL: |  1  2  3  4  5  6  7  8  9 |
---------------+----------------------------+-----
Fighting       | 4 5 6 7 |  7.7
Armour         | 4 5 6 7 |  7.7
Shields        | 4 5 7 8 |  8.9
Maces & Flails | 3 4 5 6 7 9 10 | 10.9
Dodging        | 1 2 |  2.4
Stealth        | 1 |  1.3
Throwing       | |  0.1
Invocations    | |  0.3

Action                   |  1- 3 |  4- 6 |  7- 9 || total
-------------------------+-------+-------+-------++-------
Melee: Flail             |    95 |       |       ||    95
       Headbutt          |    14 |    22 |    73 ||   109
       Mace              |     6 |    88 |   307 ||   401
Throw: Dart              |       |     1 |       ||     1
Invok: Heroism           |       |       |     3 ||     3
  Use: Scroll            |     6 |       |     7 ||    13
       Potion            |     2 |       |       ||     2
Armor: Scale mail        |    57 |    46 |       ||   103
       Plate armour      |       |    15 |   231 ||   246
Dodge: Dodged            |    42 |    15 |    89 ||   146
Block: Kite shield       |    64 |    46 |   193 ||   303
